 Dungeon Crawl Stone Soup version 0.21.1-1-g345015f (webtiles) character file.

8 chorionicmirror the Grave Robber (level 2, -2/19 HPs)
             Began as a Demonspawn Necromancer on June 25, 2018.
             Slain by a kobold
             ... wielding a +0 dagger
              (4 damage)
             ... on level 1 of the Dungeon.
             The game lasted 00:03:37 (173 turns).

chorionicmirror the Grave Robber (DsNe)              Turns: 173, Time: 00:03:37

Health: -2/19      AC:  2    Str:  8    XL:     2   Next: 0%
Magic:  0/5        EV: 12    Int: 18    God:
Gold:   15         SH:  0    Dex: 13    Spells: 3/5 levels left

rFire    . . .     SeeInvis .   g - +0 dagger
rCold    . . .     Gourm    .   (no shield)
rNeg     . . .     Faith    .   a - +0 robe
rPois    .         Spirit   .   (no helmet)
rElec    .         Reflect  .   (no cloak)
rCorr    .         Harm     .   (no gloves)
MR       .....     Clarity  +   (no boots)
Stlth    ++........             (no amulet)
HPRegen  0.06/turn              (no ring)
MPRegen  0.09/turn              (no ring)

@: very slightly contaminated
A: claws 1, hooves 1, clarity, clever 1, sense surroundings 1
a: no special abilities


You were on level 1 of the Dungeon.
You were not hungry.

You visited 1 branch of the dungeon, and saw 1 of its levels.

You collected 15 gold pieces.

Inventory:

Hand Weapons
 g - a +0 dagger (weapon)
Missiles
 f - 9 stones (quivered)
Armour
 a - a +0 robe (worn)
Scrolls
 d - a scroll of teleportation {unknown}
 i - a scroll of identify {unknown}
Books
 b - a book of Necromancy

   Spells                             Type                      Level
   a - Pain                           Necromancy                   1
   b - Animate Skeleton               Necromancy                   1
   c - Vampiric Draining              Necromancy                   3
   d - Regeneration                   Charms/Necromancy            3
   e - Animate Dead                   Necromancy                   4
   f - Borgnjor's Vile Clutch         Necromancy/Earth             5
Comestibles
 c - a ration
 h - 4 chunks of flesh


   Skills:
 - Level 2.0 Dodging
 - Level 2.0 Stealth
 - Level 2.0 Spellcasting
 * Level 4.6 Necromancy


You had 3 spell levels left.
You knew the following spells:

 Your Spells              Type           Power        Failure   Level  Hunger
a - Pain                  Necr           ###.         2%          1    #......
b - Animate Skeleton      Necr           N/A          2%          1    #......


Dungeon Overview and Level Annotations

Branches:
Dungeon (1/15)

Altars:


Innate Abilities, Weirdness & Mutations

You have sharp fingernails.
You have large cloven feet.
You possess an exceptional clarity of mind.
Your mind is acute. (Int +2)
You passively map a small area around you.


Message History

The rat bites you but does no damage.
Your goblin skeleton hits the rat with a dagger.
The rat dies!
Training target 2.0 for Dodging reached!
Your Dodging skill increases to level 2!
You have reached level 2!
You feel monstrous as your demonic heritage exerts itself.
Your demonic ancestry asserts itself...
Your fingernails lengthen.
You closely miss something. Something hits you.
* * * LOW HITPOINT WARNING * * *
You miss something. Something hits you.
* * * LOW HITPOINT WARNING * * *
The goblin misses you.
It was a potion of mutation.
You feel extremely strange.
You feel clever.
You feel a strange attunement to the structure of the dungeons.
Your feet thicken and deform.
Your thoughts seem clearer.
Something hits you.
You die...

### ,..., * ##### #.#######
#...# #.##..... ##+ *
##...######.##.####
...?#.###........##.##.####
.(...rg(%................).
>.....###Z†......##########
, #.%.....({@......#
#...!.###g.......# , #...#
*#....(...# * , #.. ,
#........+ . * #........# ,
, #(.......# * #........# ,
,#####..... , ##.####


You could see a goblin and a friendly goblin skeleton.

Vanquished Creatures
  2 hobgoblins (D:1)
  A bat (D:1)
  3 goblins (D:1)
6 creatures vanquished.

Vanquished Creatures (collateral kills)
  A frilled lizard (D:1)
  A rat (D:1)
2 creatures vanquished.

Grand Total: 8 creatures vanquished

Notes
Turn   | Place    | Note
-------+----------+-------------------------------------------
     0 | D:1      | chorionicmirror the Demonspawn Necromancer began the quest for the Orb.
     0 | D:1      | Reached XP level 1. HP: 13/13 MP: 3/3
     2 | D:1      | Learned a level 1 spell: Animate Skeleton
   170 | D:1      | Gained mutation: You have sharp fingernails. [demonic ancestry]
   170 | D:1      | Reached XP level 2. HP: 5/19 MP: 0/5
   173 | D:1      | Gained mutation: Your mind is acute. (Int +2) [potion of mutation]
   173 | D:1      | Gained mutation: You passively map a small area around you. [potion of mutation]
   173 | D:1      | Gained mutation: You have large cloven feet. [potion of mutation]
   173 | D:1      | Gained mutation: You possess an exceptional clarity of mind. [potion of mutation]
   173 | D:1      | Slain by a kobold

Skill      XL: |  1 |
---------------+----+-----
Stealth        | 2 |  2.0
Dodging        | 2 |  2.0
Spellcasting   | |  2.0
Necromancy     | |  4.6

Action                   || total
-------------------------++-------
Melee: Dagger            ||    19
Throw: Stone             ||    18
 Cast: Animate Skeleton  ||     4
       Pain              ||     3
  Use: Potion            ||     1
Armor: Robe              ||     5
Dodge: Dodged            ||    13
